 Dungeon Crawl Stone Soup version 0.29-a0-275-g389c0b56f3 (webtiles) character file.

Game seed: 7937729566408298265

93643 wakim the Brawler (level 15, -25/153 HPs)
             Began as a Troll Fighter on Mar 11, 2022.
             Was a High Priest of Wu Jian.
             Killed from afar by Jorgrun (34 damage)
             ... with an iron shot
             ... while petrified by Jorgrun
             ... on level 2 of the Orcish Mines on Mar 12, 2022.
             The game lasted 01:23:09 (20081 turns).

wakim the Brawler (Troll Fighter)                  Turns: 20081, Time: 01:23:09

Health: -25/153    AC: 14    Str: 33    XL:     15   Next: 61%
Magic:  14/14      EV: -2    Int: 12    God:    Wu Jian [*****.]
Gold:   2582       SH:  0    Dex: 15    Spells: 14/14 levels left

rFire   + . .      SeeInvis +     - Unarmed
rCold   + + .      Faith    .   b - +0 kite shield
rNeg    + + +      Spirit   .   N - +3 troll leather armour {Snorg}
rPois   ∞          Reflect  .   j - +2 hat of the World {rC+ Int+4}
rElec   .          Harm     .   k - +2 cloak
rCorr   .          Rampage  .   (gloves unavailable)
Will    +....                   (boots unavailable)
Stlth   +.........              n - amulet of regeneration
HPRegen 2.75/turn               u - ring "Xazuiffe" {EV+4 Str+5 SInv}
MPRegen 0.14/turn               i - ring of Yxzisyat {Wiz rF+ rC+ Int+4}

@: petrified, grasped by roots, constricted
A: large, unfitting armour, claws 3, regeneration 1, shaggy fur 1, tough skin 1
a: Renounce Religion, Wall Jump, Serpent's Lash, Heavenly Storm


You were on level 2 of the Orcish Mines.
You worshipped Wu Jian.
Wu Jian was extremely pleased with you.
You visited 4 branches of the dungeon, and saw 23 of its levels.

You collected 2582 gold pieces.

Inventory:

Missiles
 m - 2 javelins
 s - 5 curare-tipped darts {=f}
 y - 31 large rocks {=f}
 K - 69 poisoned darts
 P - 11 boomerangs (quivered)
Armour
 b - a +0 kite shield (worn)
 j - the +2 hat of the World (worn) {rC+ Int+4}
   (You acquired it on level 12 of the Dungeon)

   Int:       It affects your intelligence (+4).
   rC:        It protects you from cold.
 k - a +2 cloak (worn)
 N - a +3 troll leather armour (worn) {Snorg}
Jewellery
 i - the ring of Yxzisyat (right claw) {Wiz rF+ rC+ Int+4}
   (You acquired it on level 2 of the Lair of Beasts)

   [ring of wizardry]

   It improves your spell success rate.
   Int:       It affects your intelligence (+4).
   rF:        It protects you from fire.
   rC:        It protects you from cold.
 n - an amulet of regeneration (around neck)
 o - a ring of protection from fire
 q - a ring of willpower
 t - a ring of willpower
 u - the ring "Xazuiffe" (left claw) {EV+4 Str+5 SInv}
   (You took it off a kobold demonologist on level 8 of the Dungeon)

   [ring of evasion]

   EV:        It affects your evasion (+4).
   Str:       It affects your strength (+5).
   SInv:      It lets you see invisible.
 x - an amulet of the acrobat
 V - a ring of resist corrosion
Wands
 v - a wand of flame (15)
 z - a wand of polymorph (27)
 O - a wand of acid (5)
Scrolls
 h - a scroll of brand weapon
 l - 2 scrolls of amnesia
 p - a scroll of enchant armour
 r - 2 scrolls of identify
 Q - 3 scrolls of immolation {!r!r}
 R - 3 scrolls of magic mapping {!r}
 S - a scroll of summoning
 T - 7 scrolls of teleportation
 U - 4 scrolls of fear
 W - 2 scrolls of holy word
 X - 2 scrolls of fog
 Y - 3 scrolls of blinking {!r}
 Z - a scroll of silence {!r}
Potions
 A - 6 potions of ambrosia
 B - 3 potions of attraction {!q}
 C - 2 potions of berserk rage {!q}
 D - 6 potions of brilliance
 E - 2 potions of cancellation
 F - 7 potions of curing
 G - 2 potions of flight
 H - 2 potions of haste
 I - 2 potions of invisibility
 J - 2 potions of heal wounds
 L - 3 potions of lignification {!q}
 M - 2 potions of mutation {!q}
Miscellaneous
 w - a phial of floods


   Skills:
 + Level 11.0 Fighting
 + Level 8.7 Throwing
 * Level 7.0 Dodging
 - Level 10.2 Shields
 * Level 17.7 Unarmed Combat
 - Level 6.0 Evocations


You had 14 spell levels left.
You didn't know any spells.
Your spell library contained the following spells:

 Spells                   Type           Power      Damage    Failure   Level
 Animate Skeleton         Necr           0%         N/A       26%         1
 Apportation              Tloc           0%         N/A       26%         1
 Beastly Appendage        Tmut           0%         N/A       26%         1
 Magic Dart               Conj           0%         1d3       26%         1
 Pain                     Necr           0%         1d4       26%         1
 Summon Small Mammal      Summ           0%         N/A       26%         1
 Blink                    Tloc           0%         N/A       38%         2
 Call Imp                 Summ           0%         N/A       38%         2
 Ensorcelled Hibernation  Hex/Ice        0%         N/A       38%         2
 Passwall                 Tmut/Erth      0%         N/A       38%         2
 Sublimation of Blood     Necr           0%         N/A       38%         2
 Wereblood                Tmut           0%         N/A       38%         2
 Gell's Gravitas          Tloc           0%         N/A       58%         3
 Mephitic Cloud           Conj/Pois/Air  0%         N/A       58%         3
 Ozocubu's Armour         Ice            0%         N/A       58%         3
 Spider Form              Tmut/Pois      0%         N/A       58%         3
 Stone Arrow              Conj/Erth      0%         3d7       58%         3
 Swiftness                Air            0%         N/A       58%         3
 Teleport Other           Tloc           0%         N/A       58%         3
 Vampiric Draining        Necr           0%         2d6       58%         3
 Anguish                  Hex/Necr       0%         N/A       92%         4
 Animate Armour           Summ/Erth      0%         N/A       92%         4
 Hailstorm                Conj/Ice       0%         3d3       92%         4
 Olgreb's Toxic Radiance  Pois           0%         N/A       92%         4
 Agony                    Necr           0%         N/A       99%         5
 Manifold Assault         Tloc           0%         N/A       99%         5
 Summon Forest            Summ/Tloc      0%         N/A       99%         5
 Summon Mana Viper        Hex/Summ       0%         N/A       99%         5
 Dispersal                Tloc           0%         N/A       100%        6
 Summon Cactus Giant      Summ           0%         N/A       100%        6
 Ozocubu's Refrigeration  Ice            0%         4d5       100%        7
 Storm Form               Tmut/Air       0%         N/A       100%        7
 Summon Hydra             Summ           0%         N/A       100%        7
 Ignition                 Fire           0%         3d3       100%        8
 Lehudib's Crystal Spear  Conj/Erth      0%         10d2      100%        8


Dungeon Overview and Level Annotations

Branches:
Dungeon (14/15)            Temple (1/1) D:5            Lair (6/6) D:9
  Swamp (0/4) Lair:4       Spider (0/4) Lair:4        Slime (0/5) Lair:5
    Orc (2/2) D:10            Elf (0/3) Orc:2        Vaults (0/5) D:14

Altars:
Ashenzari
Cheibriados
Dithmenos
Elyvilon
Fedhas
Gozag
Hepliaklqana
Kikubaaqudgha
Makhleb
Nemelex Xobeh
Okawaru
Qazlal
Ru
Sif Muna
Trog
Uskayaw
Vehumet
Wu Jian
Xom
Yredelemnul
Zin
The Shining One
Jiyva

Shops:
D:1 (   D:5 :   D:6 (   Orc:1 ?

Annotations:
Lair:1 2 transporters, robertstho's ghost, journeyman DjFE
Orc:2 Jorgrun


Innate Abilities, Weirdness & Mutations

You are too large for most types of armour.
You have claws for hands.
Your natural rate of healing is unusually fast.
You are covered in fur. (AC +1)
You have tough skin. (AC +1)


Message History

The grasping roots grab you! The grasping roots constrict you!!
The orc wizard hits you but does no damage.
Jorgrun says, "'tis place shall be yer tomb!"
The grasping roots constrict you!!
The orc wizard hits you but does no damage.
Jorgrun casts a spell at you. The iron shot hits you!!
The grasping roots constrict you!
The orc wizard hits you but does no damage.
Jorgrun hits you with a staff of earth. Jorgrun shatters you!
The grasping roots constrict you!!
* * * LOW HITPOINT WARNING * * *
The orc wizard hits you but does no damage.
Jorgrun gestures at you while chanting. The iron shot hits you!!!
* * * LOW HITPOINT WARNING * * *
The grasping roots constrict you!
* * * LOW HITPOINT WARNING * * *
The orc wizard hits you but does no damage.
Jorgrun gestures at you while chanting. The iron shot hits you!!
* * * LOW HITPOINT WARNING * * *
The grasping roots constrict you!!
* * * LOW HITPOINT WARNING * * *
The orc wizard gestures at you while chanting.
The magic dart hits you!
* * * LOW HITPOINT WARNING * * *
Jorgrun hits you with a staff of earth!
* * * LOW HITPOINT WARNING * * *
Jorgrun shatters you!
* * * LOW HITPOINT WARNING * * *
The grasping roots constrict you!
* * * LOW HITPOINT WARNING * * *
The orc wizard hits you but does no damage.
Jorgrun hits you but does no damage. The grasping roots constrict you.
* * * LOW HITPOINT WARNING * * *
The orc wizard hits you but does no damage.
Jorgrun gestures at you while chanting. The iron shot hits you!!!
You die...

#.#..## ##....## ###.<...#
##......## ##.#...#####
#.........
##..........####.........
...........#.#...........
#.............#...........
....................#.....
......##...........###....
...... ##@).........###...
.....###go.........## ##..
........).........>..##...
...............$.....#...<
#.........................
#...........##.#..........
#..........## ####........
###.......#. ........
#.......#.# ......##


You could see Jorgrun (empowered) and an orc wizard (invisible).

Vanquished Creatures
  An orc warlord (Orc:2)
  Snorg (D:14)
  A fire dragon (Lair:6)
  An ogre mage (D:13)
  A boulder beetle (Lair:3)
  7 hydras
  An ice dragon (Lair:5)
  17 two-headed ogres
  6 centaur warriors
  3 tengu warriors
  9 death yaks
  Lodul (D:14)
  Nergalle (Lair:2)
  A deep troll (Lair:2)
  A wizard (D:11)
  A deep elf zephyrmancer (D:14)
  A swamp dragon (Lair:6)
  5 deep elf pyromancers
  An orc sorcerer (Orc:1)
  An orc knight (D:14)
  An oklob plant (Lair:1)
  5 ugly things (D:14)
  A wolf spider (Lair:6)
  10 cyclopes
  2 manticores
  9 black mambas
  14 elephants
  Joseph (D:9)
  A guardian serpent (Lair:6)
  13 cane toads
  An ice statue (Lair:6)
  2 unseen horrors (D:12)
  7 rime drakes
  10 komodo dragons
  2 kobold demonologists
  A tengu conjurer (D:14)
  3 efreet (D:13)
  A queen bee (Lair:5)
  3 meliai (Lair:4)
  6 trolls
  5 polar bears
  5 hornets
  10 slime creatures
  5 blink frogs (Lair:6)
  11 dream sheep
  3 shadows
  2 vampires
  11 wyverns
  2 wraiths
  47 yaks
  3 steam dragons
  3 redbacks (Lair:6)
  9 vampire mosquitoes
  2 swamp worms (Lair:4)
  9 wargs
  4 acid dragons
  21 water moccasins
  3 swamp drakes
  6 ice beasts
  2 black bears
  14 orc warriors
  4 sky beasts
  4 ogres
  15 wolves
  13 centaurs
  2 phantoms (D:6)
  12 kobold brigands
  10 bullfrogs
  2 gnoll sergeants
  Blork the orc (D:6)
  A necrophage (D:8)
  7 scorpions
  A wight (D:8)
  13 killer bees
  7 howler monkeys
  4 electric eels (Lair:3)
  4 hounds
  A gnoll shaman (D:7)
  A jelly (D:8)
  8 orc priests
  4 iguanas
  Terence (D:2)
  12 orc wizards
  2 hell rats (D:9)
  13 gnolls
  8 adders
  A shadow imp (D:5)
  3 white imps
  An ufetubus (D:6)
  3 worms
  A dart slug (D:2)
  51 orcs
  10 bats
  9 endoplasms
  5 giant cockroaches
  10 goblins
  6 hobgoblins
  9 jackals
  5 quokkas
  6 ball pythons
  A frilled lizard (D:3)
  28 kobolds
  5 rats
635 creatures vanquished.

Vanquished Creatures (others)
  An orc wizard (D:8)
  2 orcs (D:8)
  55 fungi
  106 plants
164 creatures vanquished.

Grand Total: 799 creatures vanquished

Notes
Turn   | Place    | Note
-------+----------+-------------------------------------------
     0 | D:1      | wakim the Troll Fighter began the quest for the Orb.
     0 | D:1      | Reached XP level 1. HP: 22/22 MP: 0/0
   189 | D:1      | Reached XP level 2. HP: 29/29 MP: 1/1
   192 | D:1      | Found Ycicyng's Weapon Boutique.
   215 | D:1      | !bestwep
   368 | D:1      | Reached XP level 3. HP: 35/36 MP: 2/2
   559 | D:2      | Noticed Terence
   568 | D:2      | Killed Terence
   569 | D:2      | Reached skill level 3 in Unarmed Combat
   718 | D:2      | Reached XP level 4. HP: 44/44 MP: 3/3
  1384 | D:3      | Reached XP level 5. HP: 43/53 MP: 4/4
  2233 | D:4      | Found a broken altar of Ashenzari.
  2324 | D:4      | Noticed a black bear
  2334 | D:4      | Killed a black bear
  2335 | D:4      | Reached skill level 4 in Unarmed Combat
  2335 | D:4      | Reached XP level 6. HP: 38/61 MP: 5/5
  2797 | D:5      | Entered Level 5 of the Dungeon
  2797 | D:5      | Noticed an orc warrior
  2925 | D:5      | Found a staircase to the Ecumenical Temple.
  2954 | Temple   | Entered the Ecumenical Temple
  3049 | Temple   | Became a worshipper of the Wu Jian Council
  3150 | D:5      | Noticed an acid dragon
  3175 | D:5      | Killed an acid dragon
  3176 | D:5      | Reached XP level 7. HP: 16/67 MP: 6/6
  3451 | D:5      | Found Lyse's Book Boutique.
  3694 | D:5      | Reached skill level 5 in Unarmed Combat
  3854 | D:6      | Noticed Blork the orc
  3859 | D:6      | Killed Blork the orc
  4026 | D:6      | Reached skill level 5 in Shields
  4034 | D:6      | Reached XP level 8. HP: 62/78 MP: 7/7
  4116 | D:6      | Reached skill level 6 in Unarmed Combat
  4408 | D:6      | Found Zaos's Antique Weapon Shop.
  4556 | D:6      | Found a large runed translucent door.
  4557 | D:6      | Found a large runed translucent door.
  4565 | D:6      | Found a snail-covered altar of Cheibriados.
  4570 | D:6      | Identified the +1 war axe of Eternal Vigilance {elec, rN+
                  | Dex+4}
  4572 | D:6      | !bestwep
  4578 | D:6      | Found a shadowy altar of Dithmenos.
  4694 | D:7      | Reached * piety under Wu Jian
  4792 | D:7      | Reached skill level 7 in Unarmed Combat
  4844 | D:7      | Reached XP level 9. HP: 85/85 MP: 8/8
  5089 | D:7      | Noticed a kobold demonologist
  5098 | D:7      | Noticed an orange demon
  5100 | D:7      | Killed a kobold demonologist
  5130 | D:7      | Reached skill level 5 in Fighting
  5158 | D:7      | Found a radiant altar of Vehumet.
  5435 | D:8      | Reached skill level 5 in Dodging
  5452 | D:8      | Reached skill level 8 in Unarmed Combat
  5568 | D:8      | Reached ** piety under Wu Jian
  6190 | D:8      | Reached XP level 10. HP: 96/96 MP: 9/9
  6201 | D:8      | Noticed a cyclops
  6202 | D:8      | Identified the ring "Xazuiffe" {EV+4 Str+5 SInv}
  6204 | D:8      | Noticed a centaur warrior
  6211 | D:8      | Reached skill level 9 in Unarmed Combat
  6226 | D:8      | Killed a centaur warrior
  6230 | D:8      | Killed a cyclops
  6431 | D:9      | Reached skill level 10 in Unarmed Combat
  6458 | D:9      | Reached *** piety under Wu Jian
  6650 | D:9      | Noticed a death yak
  6754 | D:9      | Noticed a death yak
  6757 | D:9      | Noticed a death yak
  6759 | D:9      | Found a staircase to the Lair.
  6768 | D:9      | Killed a death yak
  6806 | D:9      | Killed a death yak
  6807 | D:9      | Reached XP level 11. HP: 67/107 MP: 10/10
  6812 | D:9      | Killed a death yak
  7071 | D:10     | Entered Level 10 of the Dungeon
  7071 | D:10     | Noticed a two-headed ogre
  7077 | D:10     | Killed a two-headed ogre
  7078 | D:10     | Reached skill level 11 in Unarmed Combat
  7247 | D:10     | Reached skill level 1 in Throwing
  7312 | D:10     | Noticed a four-headed hydra
  7367 | Lair:1   | Entered Level 1 of the Lair of Beasts
  7367 | Lair:1   | Noticed an oklob plant
  7367 | Lair:1   | Noticed Joseph
  7382 | D:9      | Reached skill level 1 in Evocations
  7415 | D:9      | Killed Joseph
  7428 | Lair:1   | Killed an oklob plant
  7864 | Lair:1   | Found a transporter.
  7870 | Lair:1   | Noticed robertstho's ghost (journeyman DjFE)
  7932 | Lair:1   | Found a transporter.
  8913 | Lair:2   | Noticed a deep troll
  8948 | Lair:2   | Killed a deep troll
  9133 | Lair:2   | Noticed Nergalle
  9145 | Lair:2   | Killed Nergalle
  9146 | Lair:2   | Reached skill level 12 in Unarmed Combat
  9319 | Lair:2   | Identified a scroll of acquirement
  9319 | Lair:2   | Acquired the ring of Yxzisyat {Wiz rF+ rC+ Int+4}
  9509 | Lair:3   | Got the Reference Book on Evil Magic and Ice
  9653 | Lair:3   | Reached XP level 12. HP: 109/119 MP: 11/11
  9768 | Lair:3   | Noticed a death yak
  9770 | Lair:3   | Noticed a death yak
  9775 | Lair:3   | Noticed a death yak
  9910 | Lair:2   | Killed a death yak
  9938 | Lair:2   | Killed a death yak
  9958 | Lair:3   | Killed a death yak
 10070 | Lair:3   | Reached skill level 13 in Unarmed Combat
 10655 | Lair:4   | Noticed a boulder beetle
 10678 | Lair:3   | Killed a boulder beetle
 10816 | Lair:4   | Reached **** piety under Wu Jian
 10977 | Lair:4   | Reached skill level 5 in Throwing
 11112 | Lair:4   | Found a hole to the Spider Nest.
 11171 | Lair:4   | Noticed a six-headed hydra
 11185 | Lair:3   | !bestwep
 11185 | Lair:3   | !bestwep
 11366 | D:10     | Found a staircase to the Orcish Mines.
 11439 | D:10     | Found a blossoming altar of Fedhas.
 11915 | Lair:4   | Killed an eight-headed hydra
 11947 | Lair:4   | Noticed a seven-headed hydra
 12190 | Lair:4   | Noticed a four-headed hydra
 12231 | Lair:4   | Killed an eight-headed hydra
 12571 | Lair:4   | Found a staircase to the Swamp.
 12642 | Lair:5   | Reached skill level 14 in Unarmed Combat
 12642 | Lair:5   | Reached XP level 13. HP: 128/128 MP: 12/12
 12862 | Lair:4   | Reached skill level 5 in Evocations
 13575 | Lair:5   | Found a viscous altar of Jiyva.
 13575 | Lair:5   | Found a staircase to the Slime Pits.
 13616 | Lair:6   | Entered Level 6 of the Lair of Beasts
 13744 | Lair:5   | Reached ***** piety under Wu Jian
 13969 | Lair:6   | Reached skill level 15 in Unarmed Combat
 14537 | Lair:6   | Reached XP level 14. HP: 141/141 MP: 13/13
 14597 | Lair:6   | Paralysed by a hornet for 3 turns
 15458 | Lair:6   | Reached skill level 16 in Unarmed Combat
 15478 | Lair:6   | Reached skill level 10 in Fighting
 15748 | Lair:6   | Reached skill level 10 in Shields
 16215 | D:11     | You fall into a shaft and drop 3 floors!
 16241 | D:14     | Noticed Lodul
 16276 | D:14     | Killed Lodul
 16429 | D:14     | Found a gate to the Vaults.
 16762 | D:14     | Found a shadowy altar of Dithmenos.
 16790 | D:14     | Noticed Snorg
 16802 | D:14     | HP: 7/144 [Snorg (11)]
 16951 | D:14     | Killed Snorg
 17187 | D:14     | Reached skill level 17 in Unarmed Combat
 17236 | D:13     | Reached XP level 15. HP: 152/152 MP: 14/14
 17247 | D:14     | Reached ****** piety under Wu Jian
 17954 | D:13     | Found a sacrificial altar of Ru.
 18297 | D:12     | Acquired the +2 hat of the World {rC+ Int+4}
 19623 | Orc:1    | Entered Level 1 of the Orcish Mines
 19695 | Orc:1    | Found Zoylysumn's Magic Scroll Shop.
 19898 | Orc:2    | Entered Level 2 of the Orcish Mines
 19940 | Orc:2    | Noticed an orc warlord
 19961 | Orc:2    | Killed an orc warlord
 20046 | Orc:2    | Found a staircase to the Elven Halls.
 20059 | Orc:2    | Noticed Jorgrun
 20079 | Orc:2    | HP: 4/153 [constriction (7)]
 20081 | Orc:2    | Killed from afar by Jorgrun

Illustrated notes .........#......##....## ..... ...........##..... ....# ..#.............. #... #†#.............. #...##........#..##... #...#..#..##...##.... #..........#.##.... ##^.....#.......... #.@#.........#..... ###.....#.........#.# ....)##..####...####.. .........# #......###. .[.....###.###.####..##. ....... #.##..# #...## ....... ##.##.## #.#..# !......##.)##.## #.##.# ............####.##.# Turn 215 on D:1: !bestwep

.....##
#....######).###########
>.#...####....#
.##............
.###.......8+8#
..#.###.#######
..#...####.#.######.#.#
#.# .....##
##.#..'.....#.# #.#
#...## #..#..'.....#.#
#.# ## ##.##
#..#.######.#.# #.# #.
##.#
#..8'8#.†_..#.###.######.
...#
#.....#⌠@..##............
.###
#.....######..##..###.#..
.## #.............##..#
#.... ..#
#..####.......^...#####..
#.### #..#
##.##.........# ##. #...#
#..#####.####.##.##.####.
###.#
#.............##.##...†..
#...#
#.######.#######.########
#.#.# #.# #.# #.#


Turn 4572 on D:6: !bestwep ............#.....P.....<........
...................P.#.#...##.... ..#..#P#...#.......#.###..####...
..######...................#..... ### ##...P^.......#....##.#... #
#..##........###.......## ##.#..................... #P..#.......##PP........#
##......@..######......## #..........## ####.#.# ##.#........#### #####
###.#.#.......# ######.....## ##......♣ # #≈≈..≈P.♣≈# ##≈≈≈≈P≈P# #♣♣≈≈≈♣♣# Turn
11185 on Lair:3: !bestwep

Levels and vault maps discovered:
D:1:      minmay_arrival_checkered_box, layout_rooms, serial_shops, shop
D:2:      layout_loops_ring, uniq_terence
D:3:      minmay_evil_eye, layout_basic, columned_hall_lemuel
D:4:      layout_loops_cross, mainiacjoe_overflow_boulevard, corner_web_ring,
          minmay_strange_pillars
D:5:      layout_loops_ring, minmay_temple_entry_wispy, serial_shops,
          nicolae_diamond_shop, minivault_11,
          eino_small_chamber_without_monster, dk_vineyard_2
D:6:      layout_loops_ring, jmf_multi_god_temple2, serial_shops,
          nicolae_diamond_shop, st_stairs_3, uniq_blork_the_orc
D:7:      layout_cave_pools, minmay_ruined_shrine
D:8:      layout_loops_ring, minmay_pinched_square
D:9:      layout_loops_ring, dpeg_lair_monsters, serial_glass, glass_columns_a,
          glass_columns_a, glass_columns_a, glass_columns_b
D:10:     layout_loops_ring, mainiacjoe_overflow_alcove_2,
          kennysheep_orc_monster_closet_entryway
D:11:     layout_loops_ring
D:12:     minmay_octagon_keep, layout_basic, pond
D:13:     kennysheep_bubbly, layout_basic, minmay_misc_feat_four_crosses,
          nicolae_ru_path_of_blood
D:14:     layout_irregular_city, david_vaults_1, grunt_dithmenos_shadows,
          evilmike_butchery, uniq_lodul, uniq_snorg
Temple:   mainiacjoe_temple_coin_purse
Lair:1:   layout_layer_cave, gammafunk_ghost_berserking_beasts,
          chequers_serial_rivers_small_a, dpeg_stationary_puzzle, uniq_joseph
Lair:2:   dreamdust_cave_troll, layout_misc_corridors, uniq_nergalle
Lair:3:   gammafunk_indiana_jones, layout_gridlike, serial_forest,
          infiniplex_forest_straight_3, infiniplex_forest_straight_2,
          infiniplex_forest_pool, infiniplex_forest_corner_1,
          infiniplex_forest_corner_1, nicolae_lair_grazing_beasts
          [nicolae_sub_lair_graze_edge, nicolae_sub_lair_graze_edge,
          nicolae_sub_lair_graze_edge, nicolae_sub_lair_graze_edge],
          serial_bayou_shore_b, serial_bayou_shore_b
Lair:4:   layout_loops_ring, palyth_hydra_swamp_entry,
          nicolae_spider_entry_non_spiders, wad_woods_road_03,
          chequers_serial_rivers_room_a
Lair:5:   layout_loops_ring, dpeg_slime_entry_enclosed_altar, special_room
          [special_room_bee], grunt_megastairs_4
Lair:6:   guppyfry_lair_end_dragon, layout_regular_city,
          hangedman_lair_tendril_chambers, ice2_lemuel
Orc:1:    layout_caves, serial_shops, nicolae_shop_hallway_plus, mines5_lemuel
Orc:2:    st_orc_town, layout_diamond_mine, minmay_orc_temple_a, uniq_jorgrun

Skill      XL: |  1  2  3  4  5  6  7  8  9 10 11 12 13 14 15 |
---------------+----------------------------------------------+-----
Shields        | 3 4 5 6 7 9 10 | 10.2
Unarmed Combat | 3 4 5 7 8 10 12 14 15 17 | 17.7
Fighting       | 3 4 5 6 7 8 9 10 11 | 11.0
Dodging        | 3 4 5 7 |  7.0
Throwing       | 3 5 6 7 8 |  8.7
Evocations     | 3 4 6 |  6.0

Action                   |  1- 3 |  4- 6 |  7- 9 | 10-12 | 13-15 || total
-------------------------+-------+-------+-------+-------+-------++-------
Melee: Unarmed           |    93 |   228 |   333 |   618 |  1075 ||  2347
Throw: Dart              |       |     7 |       |     7 |       ||    14
       Boomerang         |       |       |       |    10 |    45 ||    55
       Large rock        |       |       |       |       |     5 ||     5
Invok: Lunge             |       |       |    39 |    40 |   117 ||   196
       Whirlwind         |       |       |    43 |   156 |   182 ||   381
       Serpent's Lash    |       |       |       |    13 |     4 ||    17
       Heavenly Storm    |       |       |       |       |     1 ||     1
 Abil: Wall Jump         |       |       |       |     5 |     4 ||     9
Evoke: Wand              |       |       |       |    22 |    21 ||    43
  Use: Scroll            |       |       |     6 |    15 |    10 ||    31
       Potion            |       |       |       |     1 |     6 ||     7
 Stab: Sleeping          |     1 |       |       |       |       ||     1
       Distracted        |       |       |     1 |       |     1 ||     2
       Invisible         |       |       |       |       |     3 ||     3
Armor: Robe              |    29 |    60 |    51 |       |       ||   140
       Steam dragon scal |       |       |     8 |   130 |   152 ||   290
       Troll leather arm |       |       |       |       |   103 ||   103
Dodge: Dodged            |    34 |    81 |    87 |   242 |   498 ||   942
Block: Kite shield       |    31 |    99 |   105 |   270 |   502 ||  1007

Table legend: (Time is in decaauts)
 A = Elapsed time spent in this place.
 B = Non-inter-level travel time spent in this place.
 C = Inter-level travel time spent in this place.
 D = Time resting spent in this place.
 E = Time spent auto-exploring this place.
 F = Levels seen in this place.
 G = Mean time per level.
                   A        B        C        D        E       F      G
               +--------+--------+--------+--------+--------+-----+--------+
         Total |  20040 |  18710 |   1330 |    610 |  12975 |  23 |  871.3 |
       Dungeon |  11393 |  10787 |    606 |    270 |   7693 |  14 |  813.8 |
        Temple |    143 |    131 |     12 |      0 |    110 |   1 |  143.0 |
          Lair |   8049 |   7365 |    684 |    340 |   4872 |   6 | 1341.5 |
  Orcish Mines |    452 |    425 |     27 |      0 |    300 |   2 |  226.0 |
               +--------+--------+--------+--------+--------+-----+--------+

Top non-repeatable levels by time:
  Lair:6: 1933 daAuts
  Lair:3: 1425 daAuts
  Lair:1: 1263 daAuts
  Lair:5: 1246 daAuts
  Lair:4: 1237 daAuts
     D:8: 1044 daAuts
    D:13: 1004 daAuts
    D:14: 987 daAuts
     D:3: 957 daAuts
  Lair:2: 942 daAuts
    D:11: 848 daAuts
     D:4: 832 daAuts
     D:6: 831 daAuts
     D:5: 830 daAuts
     D:9: 829 daAuts
